 Dungeon Crawl Stone Soup version 0.27-a0-291-gd9602db6ee (webtiles) character file.

Game seed: 13602349431855723992

651 ReteAZ the Chopper (level 7, -3/55 HPs)
             Began as a Human Fighter on Feb 9, 2021.
             Was an Initiate of Gozag.
             Slain by a sky beast (5 damage)
             ... on level 4 of the Dungeon.
             The game lasted 00:05:07 (4892 turns).

ReteAZ the Chopper (Human Fighter)                  Turns: 4892, Time: 00:05:08

Health: -3/55      AC: 13    Str: 19    XL:     7   Next: 84%
Magic:  7/7        EV:  5    Int:  8    God:    Gozag
Gold:   399        SH:  9    Dex: 12    Spells: 6/6 levels left

rFire    . . .     SeeInvis .   a - +0 war axe
rCold    . . .     Faith    .   c - +0 kite shield
rNeg     . . .     Spirit   .   g - +0 chain mail
rPois    .         Reflect  .   (no helmet)
rElec    .         Harm     .   (no cloak)
rCorr    .         Rampage  .   r - +1 pair of gloves
Will     .....                  C - +0 pair of boots
Stlth    ..........             B - amulet of the acrobat
HPRegen  0.18/turn              (no ring)
MPRegen  0.10/turn              (no ring)

@: no status effects
A: no striking features
a: Renounce Religion, Potion Petition, Call Merchant, Bribe Branch


You were on level 4 of the Dungeon.
You worshipped Gozag.
Gozag was aware of your devotion.
You visited 1 branch of the dungeon, and saw 5 of its levels.

You collected 434 gold pieces.
You paid 35 gold pieces to Gozag.

Inventory:

Hand Weapons
 a - a +0 war axe (weapon)
 o - a +1 dagger of venom
Missiles
 u - 14 poisoned darts (quivered)
Armour
 c - a +0 kite shield (worn)
 g - a +0 chain mail (worn)
 r - a +1 pair of gloves (worn)
 x - a +0 tower shield
 C - a +0 pair of boots (worn)
Jewellery
 k - a cursed -4 ring of strength {unknown}
 y - an uncursed ring of positive energy {unknown}
 B - an amulet of the acrobat (around neck)
Wands
 z - a wand of mindburst (9)
Scrolls
 f - a scroll of amnesia {unknown}
 j - a scroll of enchant weapon {unknown}
 l - 2 scrolls of remove curse {unknown}
 m - 2 scrolls of identify {unknown}
 p - a scroll of fog {unknown}
 q - 5 scrolls of teleportation {unknown}
 A - a scroll of enchant armour {unknown}
 D - a scroll of immolation {unknown}
Potions
 b - a potion of flight {unknown}
 d - 2 potions of might
 e - 2 potions of mutation {unknown}
 h - a potion of brilliance {unknown}
 i - 5 potions of curing {unknown}
 n - 2 potions of invisibility {unknown}
 s - 2 potions of cancellation {unknown}
 t - a potion of haste {unknown}
 v - a potion of berserk rage {unknown}
 w - 2 potions of magic {unknown}
 E - a potion of lignification {unknown}


   Skills:
 + Level 4.6 Fighting
 * Level 5.3 Axes
 + Level 4.6 Armour
 + Level 4.6 Shields


You had 6 spell levels left.
You didn't know any spells.
Your spell library was empty.

Dungeon Overview and Level Annotations

Branches:
Dungeon (5/15)
 Temple: D:4-7

Altars:
Cheibriados
Gozag
Zin


Message History

The sky beast barely misses you.
The sky beast hits you but does no damage.
Your shield and chain mail prevent you from hitting the sky beast.
The sky beast is almost dead.
The sky beast closely misses you.
You closely miss the sky beast.
The sky beast is almost dead.
You block the sky beast's attack.
The sky beast hits you but does no damage.
You hit the sky beast but do no damage.
The sky beast is almost dead.
The sky beast closely misses you.
You closely miss the sky beast.
The sky beast is almost dead.
The sky beast hits you but does no damage.
The sky beast hits you.
* * * LOW HITPOINT WARNING * * *
The sky beast shocks you.
You die...
Your body crumbles into a pile of gold.

# # #####
##############....
#@................
#Y############....
#....#_## ####....
#####≈≈≈###.......
#≈≈≈≈≈##.###...
#≈≈.≈≈##.# #...
#≈≈≈≈≈...# ###.
#.≈≈≈.#### #.
##...###### ##


You could see a sky beast.

Vanquished Creatures
  Eustachio (D:4)
  A centaur (D:5)
  A phantom (D:4)
  A howler monkey (D:5)
  A hound (D:3)
  A bullfrog skeleton (D:4)
  3 orc priests (D:4)
  A worker ant (D:3)
  A worker ant zombie (D:5)
  4 adders
  2 oozes
  3 dart slugs
  4 leopard geckos
  21 orcs
  6 bats
  5 giant cockroaches
  2 goblins
  13 hobgoblins
  7 jackals
  5 kobolds
  A quokka (D:4)
  A frilled lizard (D:3)
  2 rats (D:1)
87 creatures vanquished.

Notes
Turn   | Place    | Note
-------+----------+-------------------------------------------
     0 | D:1      | ReteAZ the Human Fighter began the quest for the Orb.
     0 | D:1      | Reached XP level 1. HP: 18/18 MP: 1/1
   227 | D:1      | Reached XP level 2. HP: 24/24 MP: 2/2
   597 | D:1      | Reached XP level 3. HP: 29/29 MP: 3/3
  1522 | D:2      | Reached skill level 3 in Axes
  1522 | D:2      | Reached XP level 4. HP: 32/35 MP: 4/4
  2187 | D:3      | Found an opulent altar of Gozag.
  2419 | D:3      | Became a worshipper of Gozag Ym Sagoz the Greedy
  2679 | D:3      | Reached XP level 5. HP: 39/41 MP: 5/5
  3186 | D:4      | Found a glowing silver altar of Zin.
  3196 | D:4      | Noticed a phantom
  3206 | D:4      | Killed a phantom
  3207 | D:4      | Reached skill level 4 in Axes
  3207 | D:4      | Reached XP level 6. HP: 37/48 MP: 6/6
  3746 | D:4      | Found a snail-covered altar of Cheibriados.
  3856 | D:4      | Reached XP level 7. HP: 28/54 MP: 7/7
  4120 | D:4      | Noticed Eustachio
  4145 | D:4      | Killed Eustachio
  4146 | D:4      | Reached skill level 5 in Axes
  4355 | D:5      | Entered Level 5 of the Dungeon
  4892 | D:4      | HP: 2/55 [sky beast (3)]
  4892 | D:4      | Slain by a sky beast

Illustrated notes

Levels and vault maps discovered:
D:1:      nicolae_arrival_memento_mori, layout_basic
D:2:      layout_loops_corners
D:3:      layout_loops_cross, nicolae_gozag_seed_capital
D:4:      layout_basic, kennysheep_slug_shrine, lemuel_doored_altar,
          minivault_14, uniq_eustachio
D:5:      layout_rooms, gammafunk_temple_overflow_claw

Skill      XL: |  1  2  3  4  5  6  7 |
---------------+----------------------+-----
Axes           | 3 4 5 |  5.3
Fighting       | 4 |  4.6
Armour         | 4 |  4.6
Shields        | 4 |  4.6

Action                   |  1- 3 |  4- 6 |  7- 9 || total
-------------------------+-------+-------+-------++-------
Melee: War axe           |   103 |   145 |    70 ||   318
Throw: Dart              |       |     4 |       ||     4
 Stab: Distracted        |       |     1 |       ||     1
Armor: Scale mail        |     7 |       |       ||     7
       Chain mail        |    62 |   101 |   108 ||   271
Dodge: Dodged            |    22 |    28 |    37 ||    87
Block: Kite shield       |    68 |    87 |    58 ||   213

Table legend: (Time is in decaauts)
 A = Elapsed time spent in this place.
 B = Non-inter-level travel time spent in this place.
 C = Inter-level travel time spent in this place.
 D = Time resting spent in this place.
 E = Time spent auto-exploring this place.
 F = Levels seen in this place.
 G = Mean time per level.
                   A        B        C        D        E       F      G
               +--------+--------+--------+--------+--------+-----+--------+
         Total |   5078 |   4857 |    221 |    549 |   3256 |   5 | 1015.6 |
       Dungeon |   5078 |   4857 |    221 |    549 |   3256 |   5 | 1015.6 |
               +--------+--------+--------+--------+--------+-----+--------+

Top non-repeatable levels by time:
     D:4: 1532 daAuts
     D:3: 1378 daAuts
     D:1: 1053 daAuts
     D:2: 988 daAuts
     D:5: 125 daAuts
